 Dungeon Crawl Stone Soup version 0.24.0-28-g17ded55e90 (webtiles) character file.

Game seed: 2772434515516798048, levelgen mode: deterministic

15509 RaHiT the Magician (level 12, -35/150 HPs)
             Began as a Red Draconian Ice Elementalist on Nov 8, 2019.
             Was a High Priest of Sif Muna.
             Annihilated by an azure jelly (42 damage)
             ... in a Gauntlet on Nov 12, 2019.
             The game lasted 02:53:21 (13231 turns).

RaHiT the Magician (DrIE)                          Turns: 13231, Time: 02:53:21

Health: -35/150    AC: 26    Str: 17    XL:     12   Next: 1%
Magic:  19/32      EV:  2    Int: 16    God:    Sif Muna [*****.]
Gold:   712        SH:  5    Dex: 12    Spells: 10/26 levels left

rFire    . . .     SeeInvis .   a - +1 dagger (pain)
rCold    . . .     Gourm    .   l - +0 buckler
rNeg     + + +     Faith    .   (armour unavailable)
rPois    +         Spirit   .   (helmet currently unavailable)
rElec    +         Reflect  .   (cloak currently unavailable)
rCorr    .         Harm     .   (gloves currently unavailable)
MR       .....     NoTele   +   (boots currently unavailable)
Stlth    ++........             (no amulet)
HPRegen  0.35/turn              G - ring of magical power
MPRegen  0.23/turn              q - ring of Hura {+Inv rElec Int-3} (curse)

@: mighty, tree-form, very slightly contaminated
A: (breathe fire), unfitting armour, AC +8
a: Channel Magic, Forget Spell, Divine Exegesis, Renounce Religion, Evoke
Invisibility


You were in a Gauntlet.
You worshipped Sif Muna.
Sif Muna was extremely pleased with you.
You were not hungry.
You were a tree.
You visited 2 branches of the dungeon, and saw 13 of its levels.
You also visited: Sewer and Gauntlet.

You collected 712 gold pieces.

Inventory:

Hand Weapons
 a - a +1 dagger of pain (weapon)
 e - a +0 shortbow
 j - a +4 mace of holy wrath
Missiles
 n - 23 poisoned darts (quivered)
 o - 238 arrows
 t - 59 bolts
 P - 6 boomerangs
Armour
 l - a +0 buckler (worn)
 r - a +0 cloak (melded)
 W - a +0 pair of gloves (melded)
Magical Staves
 T - an uncursed staff of energy
Jewellery
 m - an uncursed ring of ice
 q - the cursed ring of Hura (right branch) {+Inv rElec Int-3}
   (You found it in a Gauntlet)

   [ring of intelligence]

   It affects your intelligence (-3).
   It insulates you from electricity.
   It lets you turn invisible.
   It has a curse placed upon it.
 G - a ring of magical power (left branch)
 Y - an uncursed ring of poison resistance
Wands
 F - a wand of polymorph (1)
 O - a wand of flame (12)
 V - a wand of random effects (9)
 X - a wand of digging (6)
 Z - a wand of paralysis (10)
Scrolls
 c - a scroll of silence
 g - 3 scrolls of enchant armour
 s - a scroll of torment {unknown}
 u - a scroll of noise
 w - 2 scrolls of enchant weapon
 z - 2 scrolls of magic mapping {unknown}
 A - 3 scrolls of immolation
 M - 2 scrolls of teleportation
 N - 2 scrolls of random uselessness {unknown}
 Q - a scroll of blinking {unknown}
Potions
 d - 4 potions of might
 h - 3 potions of flight
 i - a potion of brilliance
 k - 3 potions of curing
 x - a potion of cancellation
 C - a potion of lignification {unknown}
 D - a potion of resistance
 H - 2 potions of mutation {unknown}
 I - 2 potions of haste {unknown}
 R - a potion of agility
 S - a potion of ambrosia {unknown}
 U - a potion of degeneration {unknown}
Miscellaneous
 f - a lamp of fire (inert)
Comestibles
 b - 14 rations


   Skills:
 + Level 7.3 Fighting
 + Level 6.3 Throwing
 + Level 2.8 Dodging
 - Level 1.7 Stealth
 - Level 5.0 Shields
 * Level 7.8 Spellcasting
 + Level 5.1 Conjurations
 - Level 6.0 Summonings
 * Level 7.5 Ice Magic
 + Level 5.5 Invocations
 + Level 5.5 Evocations


You had 10 spell levels left.
You knew the following spells:

 Your Spells              Type           Power        Failure   Level  Hunger
a - Freeze                Ice            ####         1%          1    None
b - Ozocubu's Armour      Chrm/Ice       ###.....     8%          3    ##.....
c - Summon Ice Beast      Ice/Summ       ####....     7%          4    ####...
d - Throw Icicle          Conj/Ice       ####....     9%          4    ####...
e - Ice Form              Ice/Tmut       ###.....     24%         4    ####...

Your spell library contained the following spells:

 Spells                   Type           Power        Failure   Level  Hunger
 Call Imp                 Summ           ####....     1%          2    None
 Throw Frost              Conj/Ice       ####..       1%          2    None
 Beastly Appendage        Tmut           #.....       12%         1    None
 Poisonous Vapours        Pois/Air       #.....       17%         2    None
 Sticks to Snakes         Tmut           #.......     17%         2    None
 Spider Form              Tmut/Pois      #.........   34%         3    ##.....
 Cause Fear               Hex            #.........   75%         4    ####...
 Blade Hands              Tmut           #.........   97%         5    #####..
 Silence                  Hex/Air        #.........   97%         5    #####..
 Yara's Violent Unravell  Hex/Tmut       #.........   97%         5    #####..
 Conjure Ball Lightning   Conj/Air       ##........   99%         6    #######
 Deflect Missiles         Chrm/Air       #.........   100%        6    #######
 Monstrous Menagerie      Summ           ####......   100%        7    #######
 Discord                  Hex            #.........   100%        8    #######
 Summon Horrible Things   Summ           ####......   100%        8    #######


Dungeon Overview and Level Annotations

Branches:
Dungeon (12/15)            Temple (0/1) D:4            Lair (1/6) D:10
    Orc (0/2) D:11          Sewer (visited)         Gauntlet (1/1)

Altars:
Ashenzari
Gozag
Kikubaaqudgha
Makhleb
Okawaru
Sif Muna
Uskayaw
Wu Jian

Shops:
D:8 [   D:10 (

Annotations:
Gauntlet 10 transporters, exclusion: oklob plant


Innate Abilities, Weirdness & Mutations

((You can breathe blasts of fire.))
((Your fiery red scales are hard. (AC +8)))
You cannot fit into any form of body armour.
((Your flesh is heat resistant. (rF+)))
((You are cold-blooded and may be slowed by cold attacks.))


Message History

Aiming: Polymorph
Press: ? - help, Shift-Dir - straight line, f - minotaur
Aim: a minotaur, wielding a +2 short sword of electrocution, wearing a +0 chain mail and wearing the brooch of Shielding {Reflect SH+8} (moderately wounded, chance to defeat MR: 6%)
The minotaur evaporates and reforms as an azure jelly!
The azure jelly hits you but does no damage. x2
The azure jelly hits you.
* * * LOW HITPOINT WARNING * * *
The azure jelly hits you but does no damage.
Unknown command.
Press: ? - help, v - describe, . - travel, g - get item
Here: an azure jelly A +2 short sword of electrocution.
There is something else lying underneath.
The floor, spattered with blood.
You feel better.
The azure jelly hits you but does no damage.
The azure jelly hits you.
* * * LOW HITPOINT WARNING * * *
The azure jelly freezes you!!!
You die...

###
#8.8.8.8.8.8.8.8.8#
###
#≈...............≈#
###.##.##.##.##.###
##.##.##.##.##.##
#...............#
#.##.##.##.##.###
#.##.##.##.##.###
#........(......#
###.##.#♣###.##.#
###.##.#J###.##.#
#......#.#......#
##.##.##.##.##.##
#.##.##∩##.##.#
#.....###.....#
###.##.##.##.##
############


You could see an azure jelly.

Vanquished Creatures
  A sphinx (D:10)
  Fannar (D:11)
  2 hydras (D:10)
  2 two-headed ogres (D:9)
  A thrashing horror (Gauntlet)
  A deep elf mage (D:9)
  An ugly thing (D:12)
  Maurice (D:11)
  The ghost of alive the Chiller, a novice KoIE (D:5)
  An ice devil (Gauntlet)
  A slime creature (D:10)
  A hippogriff (D:10)
  A shadow (D:12)
  A spriggan (D:10)
  A wraith (D:10)
  2 yaks
  A hungry ghost (D:10)
  Edmund (D:4)
  A water moccasin (Lair:1)
  6 orc warriors
  2 sky beasts
  3 ice beasts
  2 necrophages
  3 centaurs
  A crocodile (D:10)
  3 big kobolds
  10 bullfrogs
  2 scorpions
  12 killer bees
  3 electric eels (D:11)
  3 wights (D:6)
  2 howler monkeys
  11 crimson imps
  A centaur zombie (D:10)
  A quasit (D:8)
  2 bullfrog zombies
  3 jellies
  2 hounds
  Crazy Yiuf (D:2)
  4 orc priests
  2 bullfrog skeletons
  2 iguanas
  Terence (D:2)
  Natasha (D:1)
  4 orc wizards
  7 worker ants
  2 hound skeletons
  A howler monkey zombie (D:5)
  3 worker ant zombies
  13 adders
  5 river rats
  3 shadow imps
  3 white imps (Gauntlet)
  2 adder zombies
  An adder skeleton (D:9)
  4 worms
  3 dart slugs
  5 leopard geckos
  32 orcs
  7 bats
  5 giant cockroaches
  8 goblins
  7 hobgoblins
  3 jackals
  22 kobolds
  3 quokkas
  2 ball pythons
  5 frilled lizards
  2 jackal skeletons (D:7)
  2 quokka skeletons
  13 rats
272 creatures vanquished.

Vanquished Creatures (collateral kills)
  A death ooze (Gauntlet)
  A two-headed ogre (D:11)
  A manticore (D:11)
  A troll (D:10)
  A hippogriff (Lair:1)
  3 yaks
  A human (D:9)
  A hungry ghost (D:9)
  2 small abominations (Gauntlet)
  3 porcupines (Lair:1)
  2 water moccasins (Lair:1)
  2 ogres (D:9)
  A big kobold (D:11)
  A bullfrog (D:8)
  A wyvern skeleton (D:9)
  A howler monkey (D:8)
  A bullfrog zombie (D:9)
  2 quasits
  An orc priest (D:10)
  A shadow imp (D:10)
  A white imp (Gauntlet)
  5 orcs
  2 kobolds (D:11)
36 creatures vanquished.

Vanquished Creatures (others)
  3 fungi (Gauntlet)
  2 plants (Gauntlet)
5 creatures vanquished.

Grand Total: 313 creatures vanquished

Notes
Turn   | Place    | Note
-------+----------+-------------------------------------------
     0 | D:1      | RaHiT the Draconian Ice Elementalist began the quest for
                  | the Orb.
     0 | D:1      | Reached XP level 1. HP: 14/14 MP: 3/3
   124 | D:1      | Reached XP level 2. HP: 16/22 MP: 1/5
   549 | D:2      | Reached skill level 1 in Fighting
   565 | D:2      | Found an iron altar of Okawaru.
   600 | D:2      | Found an opulent altar of Gozag.
   611 | D:2      | Reached XP level 3. HP: 18/28 MP: 4/6
   749 | D:2      | Noticed Terence
   836 | D:1      | Learned a level 3 spell: Ozocubu's Armour
   886 | D:2      | Reached XP level 4. HP: 22/35 MP: 6/8
   914 | D:2      | Found a shattered altar of Ashenzari.
  1030 | D:2      | Noticed Natasha
  1046 | D:1      | Killed Natasha
  1046 | D:1      | Reached skill level 1 in Shields
  1305 | D:2      | Reached skill level 1 in Throwing
  1321 | D:2      | Learned a level 4 spell: Summon Ice Beast
  1346 | D:2      | Reached XP level 5. HP: 31/41 MP: 9/9
  1362 | D:2      | Found a shimmering blue altar of Sif Muna.
  1376 | D:2      | Became a worshipper of Sif Muna the Loreminder
  1467 | D:2      | Killed Terence
  1538 | D:2      | Found a runed translucent door.
  1539 | D:2      | Noticed Crazy Yiuf
  1549 | D:2      | Killed Crazy Yiuf
  1683 | D:3      | Reached XP level 6. HP: 33/48 MP: 3/11
  1696 | D:3      | Found a glowing drain.
  1700 | Sewer    | Entered a sewer
  1815 | Sewer    | Reached * piety under Sif Muna
  1870 | Sewer    | Found a white marble altar of Elyvilon.
  2134 | D:3      | Found an ornate altar of the Wu Jian Council.
  3117 | D:4      | Found a staircase to the Ecumenical Temple.
  3128 | D:4      | Noticed Edmund
  3156 | D:4      | Killed Edmund
  3156 | D:4      | Reached skill level 5 in Ice Magic
  3156 | D:4      | Your scales start taking on a fiery red colour.
  3156 | D:4      | Reached XP level 7. HP: 41/57 MP: 6/13
  3156 | D:4      | Gained mutation: Your flesh is heat resistant. (rF+) [Red
                  | Draconian growth]
  3674 | D:4      | Found an ancient bone altar of Kikubaaqudgha.
  3922 | D:4      | Found a burning altar of Makhleb.
  3969 | D:5      | Entered Level 5 of the Dungeon
  4098 | D:5      | Reached skill level 1 in Summonings
  4179 | D:5      | Found a runed translucent door.
  4181 | D:5      | Noticed alive's ghost (novice KoIE)
  4315 | D:5      | Reached ** piety under Sif Muna
  4474 | D:5      | Killed alive's ghost
  4474 | D:5      | Reached XP level 8. HP: 56/65 MP: 11/14
  4662 | D:5      | Learned a level 4 spell: Throw Icicle
  4944 | D:6      | Got a brightly glowing mace
  4945 | D:6      | Identified the +2 mace "Ostre Nuc" {drain, MR+} (You found
                  | it on level 6 of the Dungeon)
  5503 | D:6      | Reached skill level 1 in Invocations
  5516 | D:6      | Reached skill level 1 in Evocations
  5517 | D:6      | Reached skill level 5 in Spellcasting
  5633 | D:7      | Found a burning altar of Makhleb.
  5686 | D:7      | Reached skill level 5 in Ice Magic
  5755 | D:7      | Reached skill level 5 in Shields
  5755 | D:7      | Reached XP level 9. HP: 59/71 MP: 16/16
  6214 | D:7      | Reached *** piety under Sif Muna
  6333 | D:8      | Found Jiduwar's Antique Armour Shoppe.
  6658 | D:8      | Reached skill level 5 in Fighting
  7329 | D:9      | Noticed a kobold demonologist
  7329 | D:9      | Noticed a troll
  7330 | D:9      | Noticed an efreet
  7339 | D:9      | Noticed a cyclops
  7339 | D:9      | Noticed a rakshasa
  7339 | D:9      | Noticed a manticore
  7549 | D:9      | Noticed a two-headed ogre
  7583 | D:9      | Killed a two-headed ogre
  7657 | D:9      | Noticed a two-headed ogre
  7675 | D:9      | Killed a two-headed ogre
  7675 | D:9      | Reached XP level 10. HP: 38/83 MP: 5/18
  7733 | D:9      | Reached skill level 5 in Throwing
  7788 | D:9      | Reached **** piety under Sif Muna
  8066 | D:9      | Found a hide-covered altar of Uskayaw.
  8620 | D:9      | Noticed a deep elf mage
  8742 | D:9      | Killed a deep elf mage
  8742 | D:9      | Reached skill level 5 in Summonings
  8796 | D:9      | Learned a level 4 spell: Ice Form
  8840 | D:10     | Entered Level 10 of the Dungeon
  9373 | D:10     | Found a staircase to the Lair.
  9420 | D:10     | Noticed a sphinx
  9445 | D:10     | Killed a sphinx
  9445 | D:10     | Reached XP level 11. HP: 80/91 MP: 19/21
  9727 | D:10     | Found Utsew's Antique Weapon Shop.
  9938 | D:10     | Noticed an eight-headed hydra
  9948 | D:10     | Killed an eight-headed hydra
  9989 | D:10     | Noticed a seven-headed hydra
  9997 | D:10     | Killed a seven-headed hydra
 10414 | D:10     | Reached skill level 5 in Evocations
 10754 | D:11     | Noticed Maurice
 10772 | D:11     | Killed Maurice
 10859 | D:11     | Noticed Fannar
 10877 | D:11     | Killed Fannar
 10877 | D:11     | Reached skill level 5 in Invocations
 11049 | D:11     | Found a staircase to the Orcish Mines.
 11184 | D:11     | Noticed a two-headed ogre
 11192 | D:11     | Killed a two-headed ogre
 11387 | D:11     | Reached ***** piety under Sif Muna
 11620 | D:12     | Noticed a cyan ugly thing
 11644 | D:12     | Killed a cyan ugly thing
 11908 | D:12     | Identified Ypraf's Tome of the Feathery Entourage (Sif Muna
                  | gifted it to you on level 12 of the Dungeon)
 11908 | D:12     | Received a gift from Sif Muna
 11922 | D:11     | Upgraded the game from 0.24.0-13-gcf9b3192b9 to
                  | 0.24.0-28-g17ded55e90
 11981 | Lair:1   | Entered Level 1 of the Lair of Beasts
 12485 | Lair:1   | Found a gate leading to a gauntlet.
 12494 | Gauntlet | Entered a Gauntlet
 12494 | Gauntlet | Found a transporter.
 12494 | Gauntlet | Found a transporter.
 12501 | Gauntlet | Found a transporter.
 12515 | Gauntlet | Found a transporter.
 12528 | Gauntlet | Noticed a soul eater
 12531 | Gauntlet | Found a transporter.
 12542 | Gauntlet | Found a transporter.
 12547 | Gauntlet | Noticed a purple ugly thing
 12623 | Gauntlet | Noticed a death ooze
 12624 | Gauntlet | Found a transporter.
 12639 | Gauntlet | Found a transporter.
 12655 | Gauntlet | Found a transporter.
 12668 | Gauntlet | Found a transporter.
 12683 | Gauntlet | Noticed a thrashing horror
 12685 | Gauntlet | Found a transporter.
 12760 | Gauntlet | Found a transporter.
 12760 | Gauntlet | Found a transporter.
 12764 | Gauntlet | Noticed a sixfirhy
 12770 | Gauntlet | Found a transporter.
 12771 | Gauntlet | Noticed an oklob plant
 12776 | Gauntlet | Noticed a glowing orange brain
 12777 | Gauntlet | Noticed a glowing orange brain
 12780 | Gauntlet | Found a transporter.
 12783 | Gauntlet | Found a transporter.
 12844 | Gauntlet | Killed a death ooze
 12844 | Gauntlet | Reached skill level 5 in Conjurations
 13075 | Gauntlet | Killed a thrashing horror
 13075 | Gauntlet | Reached XP level 12. HP: 83/96 MP: 13/23
 13119 | Gauntlet | Got a flickering golden ring
 13123 | Gauntlet | Identified the cursed ring of Hura {+Inv rElec Int-3} (You
                  | found it in a Gauntlet)
 13191 | Gauntlet | Noticed a minotaur
 13228 | Gauntlet | HP: 7/150 [minotaur/+2 short sword of electrocution (4)]
 13230 | Gauntlet | Noticed an azure jelly
 13230 | Gauntlet | a minotaur changed into an azure jelly
 13231 | Gauntlet | Annihilated by an azure jelly

Levels and vault maps discovered:
D:1:      minmay_arrival_doors, layout_rooms
D:2:      layout_loops_cross, old_standard_altar, ashenzari_altar_1,
          lemuel_round_altar, overflow_temple_1_default, nrook_mini_backslash,
          uniq_terence, uniq_natasha, uniq_crazy_yiuf_cottage
D:3:      layout_basic, marbit_many_paths, lightli_sewer_entry_pipes
D:4:      layout_cave_pods, nicolae_overflow_hidden_temple,
          minmay_temple_entry_slanted, first_ration, uniq_edmund
D:5:      layout_loops_cross, ebering_ghost_inner_flame
D:6:      layout_basic, dk_vineyard_3
D:7:      layout_cave_pools, basic_altar
D:8:      layout_loops_ring, serial_shops, nicolae_shop_stone
D:9:      minmay_quarter_circles, layout_basic, overflow_temple_1_default,
          grunt_pizzeria, minivault_12
D:10:     minmay_the_grid_plus_closed [minmay_the_grid_doors,
          minmay_the_grid_eight, minmay_the_grid_gridbox,
          minmay_the_grid_all_tris, minmay_the_grid_prize_inner_circle],
          layout_gridville, lair_entry_dummy, serial_shops, nicolae_shop_crystal
D:11:     layout_basic, orc_0_dummy, serial_bayou_ford_a, uniq_maurice,
          uniq_fannar
D:12:     layout_loops_cross, basic_altar, kennysheep_generic_room_15
Lair:1:   lemuel_slime, layout_cave_pods, gauntlet_entry_generic,
          grunt_megastairs_3
Gauntlet: gammafunk_gauntlet_branching [gammafunk_gauntlet_arena_hedges,
          nicolae_gauntlet_arena_quarters, nicolae_gauntlet_swirl,
          gammafunk_gauntlet_arena_split_diamond,
          gammafunk_gauntlet_arena_crates, gammafunk_gauntlet_arena_spirals,
          gammafunk_gauntlet_arena_chambers, gammafunk_gauntlet_arena_teeth,
          gauntlet_exit_green]

Skill      XL: |  1  2  3  4  5  6  7  8  9 10 11 |
---------------+----------------------------------+-----
Dodging        | 2 |  2.8
Fighting       | 1 2 3 4 5 6 7 |  7.3
Shields        | 1 2 3 5 |  5.0
Spellcasting   | 3 4 5 6 7 |  7.8
Ice Magic      | 4 4 5 6 7 |  7.5
Throwing       | 1 2 3 4 5 6 |  6.3
Summonings     | 2 3 4 5 6 |  6.0
Invocations    | 1 3 4 5 |  5.5
Evocations     | 1 3 4 5 |  5.5
Conjurations   | 2 4 5 |  5.1
Stealth        | |  1.7

Action                   |  1- 3 |  4- 6 |  7- 9 | 10-12 || total
-------------------------+-------+-------+-------+-------++-------
Melee: Unarmed           |    21 |       |    12 |    11 ||    44
       Tailslap          |     6 |    26 |    26 |    19 ||    77
       Dagger            |    41 |   184 |    45 |    19 ||   289
       Spear             |     4 |       |       |       ||     4
       Mace              |       |       |   139 |    17 ||   156
       Flail             |       |       |    54 |       ||    54
       Staff             |       |       |    14 |    56 ||    70
Throw: Stone             |     3 |    37 |    53 |       ||    93
       Boomerang         |    17 |     5 |       |    19 ||    41
       Dart              |       |    34 |    45 |    69 ||   148
 Cast: Freeze            |    37 |    60 |    59 |   120 ||   276
       Ozocubu's Armour  |       |     1 |    10 |    39 ||    50
       Summon Ice Beast  |       |       |     5 |    54 ||    59
       Throw Icicle      |       |       |     4 |    48 ||    52
 Abil: Breathe Fire      |       |       |    10 |    13 ||    23
       Evoke Invisibilit |       |       |       |     1 ||     1
Evoke: Wand              |       |       |    17 |    28 ||    45
       Staff of energy   |       |       |    13 |   209 ||   222
       Lamp of fire      |       |       |       |     1 ||     1
  Use: Scroll            |       |     4 |     2 |     7 ||    13
       Potion            |       |     1 |     6 |     5 ||    12
 Stab: Sleeping          |     3 |     6 |     1 |       ||    10
       Confused          |       |       |       |     1 ||     1
       Distracted        |       |       |       |     1 ||     1
       Paralysed         |       |       |       |    15 ||    15
  Eat: Chunk             |     1 |     7 |    15 |    14 ||    37
       Ration            |       |       |     1 |     6 ||     7
Armor: Skin              |    30 |    51 |   128 |   123 ||   332
Dodge: Dodged            |    48 |   115 |   193 |   147 ||   503
Block: Buckler           |     5 |    34 |    78 |    67 ||   184
